 Dungeon Crawl Stone Soup version 0.22-a0-93-g6b88ebb (webtiles) character file.

369 reaverb the Skirmisher (level 6, -7/38 HPs)
             Began as a Gargoyle Earth Elementalist on Jan 24, 2018.
             Was a Follower of Ashenzari.
             Mangled by a small abomination (8 damage)
             ... on level 1 of the Abyss.
             The game lasted 00:11:00 (4321 turns).

reaverb the Skirmisher (GrEE)                       Turns: 4321, Time: 00:11:01

Health: -7/38      AC: 10    Str: 12    XL:     6   Next: 70%
Magic:  4/10       EV: 12    Int: 16    God:    Ashenzari [*.....]
Gold:   190        SH:  0    Dex: 11    Spells: 7/11 levels left

rFire    . . .     SeeInvis .   s - -1 short sword (curse)
rCold    . . .     Gourm    .   (no shield)
rNeg     + . .     Faith    .   c - +0 robe
rPois    ∞         Spirit   .   (no helmet)
rElec    +         Reflect  .   k - +0 cloak (curse)
rCorr    +         Harm     .   h - +2 pair of gloves (curse)
MR       .....                  (no boots)
Stlth    ++........             (no amulet)
HPRegen  0.12/turn              f - ring of resist corrosion
MPRegen  0.12/turn              (no ring)

@: no status effects
A: negative energy resistance 1, electricity resistance, unbreathing,
petrification resistance, rot immunity, AC +4
a: Curse Item, Scrying, Renounce Religion


You were on level 1 of the Abyss.
You worshipped Ashenzari.
Ashenzari was aware of your devotion.
You were not hungry.

You visited 1 branch of the dungeon, and saw 4 of its levels.
You visited the Abyss 1 time.

You collected 190 gold pieces.

Notes
Turn   | Place    | Note
-------+----------+-------------------------------------------
     0 | D:1      | reaverb the Gargoyle Earth Elementalist began the quest for the Orb.
     0 | D:1      | Reached XP level 1. HP: 10/10 MP: 3/3
   172 | D:1      | Reached skill level 1 in Fighting
   235 | D:1      | Reached XP level 2. HP: 16/16 MP: 3/5
   446 | D:1      | Reached skill level 2 in Fighting
   638 | D:1      | Reached XP level 3. HP: 22/22 MP: 1/6
   918 | D:2      | Reached skill level 3 in Fighting
   918 | D:2      | Reached XP level 4. HP: 25/29 MP: 2/7
  1032 | D:2      | Noticed Natasha
  1038 | D:2      | Killed Natasha
  1038 | D:2      | Reached skill level 4 in Fighting
  1072 | D:2      | Learned a level 3 spell: Stone Arrow
  1270 | D:2      | Noticed Terence
  1287 | D:2      | Killed Terence
  1287 | D:2      | Reached skill level 1 in Conjurations
  1287 | D:2      | Reached XP level 5. HP: 33/33 MP: 2/8
  1304 | D:2      | Huge Dmg: 16 Dmg
  1453 | D:2      | Noticed Natasha
  1457 | D:2      | Killed Natasha
  1813 | D:2      | Noticed Natasha
  1830 | D:2      | Huge Dmg: 7 Dmg
  1833 | D:2      | Killed Natasha
  2173 | D:3      | Reached skill level 1 in Armour
  2316 | D:4      | Reached XP level 6. HP: 29/38 MP: 0/9
  2482 | D:4      | Found a shattered altar of Ashenzari.
  2529 | D:4      | Became a worshipper of Ashenzari the Shackled
  3134 | D:4      | Found an opulent altar of Gozag.
  3906 | D:4      | Cast into level 1 of the Abyss (orc)
  4260 | Abyss:1  | Reached * piety under Ashenzari
  4304 | Abyss:1  | Noticed a large abomination
  4321 | Abyss:1  | HP: 1/38 [large abomination (22)]
  4321 | Abyss:1  | Mangled by a small abomination

Inventory:

Hand Weapons
 a - a +0 morningstar
 i - a +1 short sword
 p - a +0 mace
 q - a +0 rapier
 s - a cursed -1 short sword (weapon)
Missiles
 b - 117 stones (quivered)
Armour
 c - a +0 robe (worn)
 h - a cursed +2 pair of gloves (worn)
 k - a cursed +0 cloak (worn)
Jewellery
 f - a ring of resist corrosion (left hand)
Wands
 o - a wand of polymorph (10)
 t - a wand of acid (6)
Scrolls
 g - a scroll of amnesia {unknown}
 j - a scroll of teleportation
Potions
 l - 2 potions of might
 m - a potion of berserk rage {unknown}
 n - a potion of mutation {unknown}
 r - 2 potions of heal wounds {unknown}
 u - a potion of lignification {unknown}
 v - a potion of curing {unknown}
Books
 e - a book of Geomancy

   Spells                             Type                      Level
   a - Sandblast                      Earth                        1
   b - Passwall                       Transmutation/Earth          2
   c - Stone Arrow                    Conjuration/Earth            3
   d - Petrify                        Transmutation/Earth          4
   e - Lee's Rapid Deconstruction     Earth                        5
Comestibles
 d - 7 rations

Table legend:
 A = Turns spent in this place as a percentage of turns spent in the entire game.
 B = Non-inter-level travel turns spent in this place as a percentage of non-inter-level travel turns spent in the entire game.
 C = Inter-level travel turns spent in this place as a percentage of turns spent in this place.
 D = Turns resting spent in this place as a percentage of non-inter-level travel turns spent in this place.
 E = Turns spent auto-exploring this place as a percentage of non-inter-level travel turns spent in this place.
 F = Non-inter-level travel turns spent in this place divided by the number of levels of this place that you've seen.
                   A       B       C       D       E      F
               +-------+-------+-------+-------+-------+----------------------
         Total | 100.0 | 100.0 |   2.9 |  42.5 |  26.5 | 839.0
       Dungeon |  90.4 |  90.1 |   3.2 |  40.0 |  29.4 | 945.0
         Abyss |   9.6 |   9.9 |   0.0 |  64.6 |   0.0 | 415.0
               +-------+-------+-------+-------+-------+----------------------


   Skills:
 - Level 4.3 Fighting
 - Level 2.1 Armour
 - Level 1.9 Dodging
 - Level 2.1 Stealth
 - Level 3.1 Spellcasting
 - Level 3.2 Conjurations
   Level 0.7 Transmutations
 + Level 3.9 Earth Magic


You had 7 spell levels left.
You knew the following spells:

 Your Spells              Type           Power        Failure   Level  Hunger
a - Sandblast             Erth           ###...       3%          1    None
b - Stone Arrow           Conj/Erth      ##....       13%         3    ###....


Dungeon Overview and Level Annotations

Branches:
Dungeon (4/15)
 Temple: D:4-7

Altars:
Ashenzari
Gozag


Innate Abilities, Weirdness & Mutations

You are resistant to torment.
Your stone body is resilient. (AC +4)
You are immune to poison.
You resist negative energy. (rN+)
You are resistant to electric shocks. (rElec)
You can survive without breathing.
You are immune to petrification.
You are immune to rotting.


Message History

Casting: Stone Arrow
Confirm with . or Enter, or press ? or * to list all spells.
Aiming: Stone Arrow
Press: ? - help, Shift-Dir - straight line, f - orc
Aim: an orc, wielding a falchion (hasn't noticed you)
The stone arrow hits the orc.
You kill the orc!
The orc shouts! x2
Casting: Stone Arrow
Confirm with . or Enter, or press ? or * to list all spells.
Aiming: Stone Arrow
Press: ? - help, Shift-Dir - straight line, f - orc
Aim: an orc, wielding a trident The stone arrow misses the orc.
Casting: Stone Arrow
Confirm with . or Enter, or press ? or * to list all spells.
Aiming: Stone Arrow
Press: ? - help, Shift-Dir - straight line, f/p - orc
Aim: an orc, wielding a trident The stone arrow hits the orc.
You kill the orc!
Casting: Stone Arrow
Confirm with . or Enter, or press ? or * to list all spells.
You don't have enough magic to cast that spell.
Unknown command.
Unknown command.
The orc hits you but does no damage.
You are cast into the Abyss!
To return, you must find a gate leading back.
Killing monsters will force the Abyss to allow you passage.
This branch contains the abyssal rune of Zot.
Unknown command.
Unknown command.
Unknown command.
Unknown command.
Unknown command.
Found a +0 trident.
You start resting.
Magic restored.
You are feeling hungry.
You eat one of the 8 rations.
That ration really hit the spot!
You start waiting.
Done waiting.
You start waiting.
Done waiting.
You start waiting.
You are suddenly pulled into a different region of the Abyss!
Unknown command.
Unknown command.
Unknown command.
Found a glass wand.
Unknown command.
Found a gateway leading deeper into the Abyss.
Unknown command.
t - a wand of acid (6)
Found a crystal ball of energy.
You can now scry through walls.
Okay, then.
A small abomination comes into view.
Found 99 gold pieces.
Why would you want to do that?
Unknown command.
You enter the shallow water.
Moving in this stuff is going to be slow.
You now have 190 gold pieces (gained 51).
Unknown command.
A small abomination comes into view.
The small abomination moves out of view.
Unknown command.
Unknown command.
You enter the shallow water.
Moving in this stuff is going to be slow.
A small abomination comes into view.
Casting: Stone Arrow
Confirm with . or Enter, or press ? or * to list all spells.
Aiming: Stone Arrow
Press: ? - help, Shift-Dir - straight line, f - small abomination
Aim: a small abomination (hasn't noticed you)
The stone arrow hits the small abomination.
The small abomination is moderately damaged.
The small abomination hits you but does no damage.
Casting: Stone Arrow
Confirm with . or Enter, or press ? or * to list all spells.
Aiming: Stone Arrow
Press: ? - help, Shift-Dir - straight line, f/p - small abomination
Aim: a small abomination (moderately damaged)
The stone arrow hits the small abomination.
The small abomination is heavily damaged.
The small abomination hits you.
Damage: -5%(-2hp) hp: 95%(36hp)
You hit the small abomination but do no damage.
The small abomination is heavily damaged.
The small abomination closely misses you.
You hit the small abomination but do no damage.
The small abomination is heavily damaged.
The small abomination hits you! The large abomination hits you!!
Ouch! That really hurt!
* * * LOW HITPOINT WARNING * * *
The small abomination hits you!
You die...

.. ≈≈.≈≈#..#......#
..#..≈.. ≈#≈≈≈ .. # .
####≈♣.#.≈≈.≈..###..#.
....≈#.≈≈..##...#..#
.....# ≈≈....#.#... §
## ....#.#..#...# ..
#..#..≈..##..##.
#..#....#≈X.# ..
###$#######@# .#. ...
##x...... # # .#.#....
. # # ..# ##. ...#. .
. # ###.# .. # .. ..#
# .. . .


You could see a large abomination and a small abomination.

Table legend:
 A = Kills in this place as a percentage of kills in entire the game.
 B = Kills by you in this place as a percentage of kills by you in the entire game.
 C = Kills by friends in this place as a percentage of kills by friends in the entire game.
 D = Other kills in this place as a percentage of other kills in the entire game.
 E = Experience gained in this place as a percentage of experience gained in the entire game.
 F = Experience gained in this place divided by the number of levels of this place that you have seen.
                   A       B       C       D       E      F
               +-------+-------+-------+-------+-------+----------------------
         Total | 100.0 | 100.0 |   N/A |   N/A | 100.0 | 105.6
       Dungeon | 100.0 | 100.0 |   N/A |   N/A | 100.0 | 132.0
               +-------+-------+-------+-------+-------+----------------------

Vanquished Creatures
  A centaur skeleton (D:2)
  An iguana (D:4)
  Natasha (thrice) (D:2)
  Terence (D:2)
  2 worker ants (D:4)
  6 adders
  3 oozes
  An adder skeleton (D:4)
  2 dart slugs (D:1)
  3 worms
  3 leopard geckos
  4 orcs
  A ball python (D:4)
  5 bats
  2 giant cockroaches
  7 goblins
  5 hobgoblins
  8 jackals
  13 kobolds
  A quokka (D:2)
  5 frilled lizards
  7 rats
84 creatures vanquished.

Action                   |  1- 3 |  4- 6 || total
-------------------------+-------+-------++-------
Melee: Unarmed           |    11 |       ||    11
       Club              |     5 |       ||     5
       Short sword       |    14 |    94 ||   108
 Cast: Sandblast         |    33 |    62 ||    95
       Stone Arrow       |       |    21 ||    21
Invok: Curse Item        |       |     2 ||     2
  Use: Scroll            |     4 |     4 ||     8
 Stab: Sleeping          |       |     1 ||     1
  Eat: Chunk             |     1 |    12 ||    13
       Ration            |       |     1 ||     1
Armor: Robe              |    10 |    48 ||    58
       Skin              |       |     4 ||     4
Dodge: Dodged            |    34 |    84 ||   118
